 Dungeon Crawl Stone Soup version 0.21-a0-471-gd587bd5 (webtiles) character file.

256 kae the Digger (level 6, -2/34 HPs)
             Began as a Gargoyle Earth Elementalist on Nov 21, 2017.
             Slain by an orc
             ... wielding a +0 hand axe
              (6 damage)
             ... on level 4 of the Dungeon.
             The game lasted 00:03:28 (4363 turns).

kae the Digger (Gargoyle Earth Elementalist)        Turns: 4363, Time: 00:03:29

Health: -2/34      AC:  7    Str: 11    XL:     6   Next: 16%
Magic:  5/11       EV: 12    Int: 18    God:
Gold:   189        SH:  0    Dex: 10    Spells: 7/11 levels left

rFire    . . .     SeeInvis .   p - +0 war axe
rCold    . . .     Gourm    .   (no shield)
rNeg     + . .     Faith    .   c - +0 robe
rPois    ∞         Spirit   .   (no helmet)
rElec    +         Reflect  .   s - +0 cloak
rCorr    .         Harm     .   (no gloves)
MR       .....                  (no boots)
Stlth    ++........             (no amulet)
HPRegen  0.11/turn              m - ring of wizardry
MPRegen  0.12/turn              (no ring)

@: drained
A: negative energy resistance 1, electricity resistance, unbreathing,
petrification resistance, rot immunity, AC +4
a: no special abilities


You were on level 4 of the Dungeon.
You were hungry.

You visited 2 branches of the dungeon, and saw 5 of its levels.

You collected 189 gold pieces.

Inventory:

Hand Weapons
 f - a +1 short sword
 p - a +0 war axe (weapon)
Missiles
 b - 77 stones (quivered)
Armour
 c - a +0 robe (worn)
 s - a +0 cloak (worn)
Jewellery
 l - an uncursed amulet of harm
 m - a ring of wizardry (left hand)
Wands
 t - a wand of iceblast (9)
 v - a wand of disintegration (12)
Scrolls
 k - a scroll of blinking
 n - 2 scrolls of identify
 q - a scroll of enchant weapon
Potions
 a - 5 potions of curing
 g - a potion of ambrosia
 h - a potion of mutation
 u - a potion of agility {unknown}
 w - a potion of degeneration {unknown}
Books
 e - a book of Geomancy

   Spells                             Type                      Level
   a - Sandblast                      Earth                        1
   b - Passwall                       Transmutation/Earth          2
   c - Stone Arrow                    Conjuration/Earth            3
   d - Petrify                        Transmutation/Earth          4
   e - Lee's Rapid Deconstruction     Earth                        5
Comestibles
 d - 3 bread rations
 i - 2 royal jellies
 j - a fruit
 o - 2 meat rations


   Skills:
 + Level 1.4(1.3) Fighting
 + Level 2.1(2.0) Dodging
 - Level 2.1 Stealth
 * Level 3.4(3.3) Spellcasting
 * Level 2.7(2.6) Conjurations
   Level 0.7(0.6) Transmutations
 * Level 5.5(5.4) Earth Magic


You had 7 spell levels left.
You knew the following spells:

 Your Spells              Type           Power        Failure   Level  Hunger
a - Sandblast             Erth           ###...       1%          1    None
b - Stone Arrow           Conj/Erth      ###...       3%          3    ###....


Dungeon Overview and Level Annotations

Branches:
Dungeon (4/15)             Temple (1/1) D:4

Altars:
Ashenzari
Gozag
Kikubaaqudgha
Makhleb
Nemelex Xobeh
Okawaru
Ru
Sif Muna
Trog
Wu Jian
Xom
Zin
The Shining One


Innate Abilities, Weirdness & Mutations

You are resistant to torment.
Your stone body is resilient. (AC +4)
You are immune to poison.
You resist negative energy. (rN+)
You are resistant to electric shocks. (rElec)
You can survive without breathing.
You are immune to petrification.
You are immune to rotting.


Message History

Aiming: Sandblast
Press: ? - help, Shift-Dir - straight line, f - orc
Aim: an orc, wielding a flail (severely wounded)
The blast of sand hits the orc.
You kill the orc!
b - 78 stones The orc wizard hits you but does no damage.
The orc barely misses you.
Casting: Sandblast
Confirm with . or Enter, or press ? or * to list all spells.
Aiming: Sandblast
Press: ? - help, Shift-Dir - straight line, f - orc wizard
Aim: an orc wizard, wielding a dagger and wearing a robe The blast of sand hits the orc wizard.
The orc wizard is moderately wounded.
b - 77 stones The orc wizard hits you with a dagger.
* * * LOW HITPOINT WARNING * * *
The orc hits you with a hand axe.
You die...

.............
#...##.#.#.###.###..
##...##.#.#.# #.# #.. .
.......#.#.###.###.# #.
#...................
..##.#.#..........##...
............###.##...
#.#.#.#)#..#.#.###.##...
......)@o.........[.....
#...#.#o#..##..###.###..
# # #.................
#.#..##..###.####.
#.#..##..###.####'
#(#......#........
....###..#........ .....
...#........ ....
...########.


You could see an orc wizard and an orc.

Vanquished Creatures
  An orc priest (D:3)
  Crazy Yiuf (D:3)
  A hound (D:2)
  5 adders
  3 gnolls (D:3)
  An ooze (D:1)
  2 worms
  A dart slug (D:3)
  15 orcs
  2 giant cockroaches
  6 goblins
  5 hobgoblins
  3 jackals (D:2)
  4 quokkas
  7 bats
  3 frilled lizards
  9 kobolds
  2 leopard gecko skeletons (D:3)
  7 rats
78 creatures vanquished.

Notes
Turn   | Place    | Note
-------+----------+-------------------------------------------
     0 | D:1      | kae the Gargoyle Earth Elementalist began the quest for the Orb.
     0 | D:1      | Reached XP level 1. HP: 10/10 MP: 3/3
   504 | D:1      | Reached XP level 2. HP: 6/15 MP: 3/5
   675 | D:1      | Reached skill level 4 in Earth Magic
  1272 | D:2      | Reached XP level 3. HP: 12/19 MP: 2/7
  1353 | D:2      | Learned a level 3 spell: Stone Arrow
  1669 | D:2      | Reached skill level 1 in Conjurations
  1765 | D:2      | Reached XP level 4. HP: 14/24 MP: 5/8
  2214 | D:2      | Found an ornate altar of the Wu Jian Council.
  2220 | D:2      | Found a burning altar of Makhleb.
  2583 | D:3      | Found a faded altar of an unknown god.
  2624 | D:3      | Reached skill level 1 in Fighting
  2624 | D:3      | Reached skill level 5 in Earth Magic
  2624 | D:3      | Reached XP level 5. HP: 29/29 MP: 5/9
  3779 | D:3      | Found a sparkling altar of Nemelex Xobeh.
  4012 | D:3      | Found a runed door.
  4016 | D:3      | Noticed Crazy Yiuf
  4019 | D:3      | Killed Crazy Yiuf
  4019 | D:3      | Reached XP level 6. HP: 34/34 MP: 1/11
  4087 | D:4      | Found a staircase to the Ecumenical Temple.
  4107 | Temple   | Entered the Ecumenical Temple
  4363 | D:4      | Slain by an orc

Vault maps used:
D:1:      matt_arrival_diagonals
D:2:      lemuel_crystal_altar, minmay_crystal_water, makhleb_heckhound_becter
D:3:      nemelex_xobeh_ov_fountains_minmay, first_bread,
          chequers_ecumenical_altar_simple, kennysheep_generic_room_3,
          uniq_crazy_yiuf_cottage
D:4:      minmay_temple_entry_trees, cheibrodos_sewer_entry_sluice,
          uniq_grinder, uniq_blork_the_orc, uniq_eustachio
Temple:   minmay_temple_curvy_loop

Skill      XL: |  1  2  3  4  5 |
---------------+----------------+-----
Earth Magic    | 4 5 |  5.5
Conjurations   | 1 2 |  2.7
Spellcasting   | 3 |  3.4
Fighting       | 1 |  1.4
Dodging        | 2 |  2.1
Stealth        | |  2.1
Transmutations | |  0.7

Action                   |  1- 3 |  4- 6 || total
-------------------------+-------+-------++-------
Melee: Short sword       |    78 |    49 ||   127
       Unarmed           |     9 |       ||     9
       War axe           |       |    56 ||    56
 Cast: Sandblast         |     9 |    24 ||    33
       Stone Arrow       |     1 |    10 ||    11
  Use: Scroll            |     4 |     3 ||     7
       Potion            |       |     1 ||     1
 Stab: Sleeping          |     4 |     4 ||     8
  Eat: Chunk             |     3 |     9 ||    12
Armor: Robe              |    42 |    49 ||    91
Dodge: Dodged            |    68 |    94 ||   162

Table legend:
 A = Spawn XP
 B = Non-spawn XP
 C = Spawn XP percentage of total XP
 D = Spawn monster count
 E = Non-spawn monster count
 F = Spawn count percentage of total count
 G = Total turns spent on level
                    A         B        C        D         E        F      G
               +---------+---------+-------+---------+---------+-------+---------
         Total |       0 |     367 |   0.0 |       0 |      78 |   0.0 |  4363
               +---------+---------+-------+---------+---------+-------+---------
           D:1 |       0 |      23 |   0.0 |       0 |      15 |   0.0 |  1231
           D:2 |       0 |     127 |   0.0 |       0 |      25 |   0.0 |  1259
           D:3 |       0 |     195 |   0.0 |       0 |      34 |   0.0 |  1576
           D:4 |       0 |      22 |   0.0 |       0 |       4 |   0.0 |    86
               +---------+---------+-------+---------+---------+-------+---------
